Unix xNetHack Version 7.1.0 - last build Dec 11 2022 15:18:36 (91bc4d2507b4b34ac92889b06d50a936f6bde808). Game began 2022-12-28 00:49:08, ended 2022-12-28 01:11:40. UristMcRaven, chaotic female elven Wizard ---- ---- ..-- --..| ...| |...| -- ..--- |.--- .| -....| |.| -----.| |Q...| --.| -.|...| --- --------. | |q.--- --..| --......| ....................... ------..| |..-- -------.......-- -...............G----|.---- ---.--...........-- --............||....----.................| --......)---.||.....|............--..- -- |..--..% |.||..--.....--......---....| |.e ---% |.--.-|--..-----.--..).<)---- . -- |.....-------- .....|....- ---............------.....| --.----------- ......| --- -....-- ---..| ---- UristMcRaven the Conjurer St:10 Dx:9 Co:16 In:20 Wi:10 Ch:11 Chaotic Dlvl:6 $:0 HP:0(42) Pw:6(40) AC:9 Xp:5/303 T:2265 Burdened Latest messages: The magic missile hits the rothe! The magic missile hits the gnome lord! The magic missile bounces! You don't have enough energy to cast that spell. You miss the rothe. The hobbit picks up 3 daggers. The gnome lord punches you! You don't have enough energy to cast that spell. You miss the rothe. The rothe hits! The rothe bites! The rothe misses! The gnome lord punches you! The rothe hits! The rothe bites! The rothe bites! What do you want to use or apply? Improvise? [ynq] (q) You start playing your flute. The flute toots. The hobbit picks up a pair of plastic hard shoes. The gnome lord hits! # Are you sure you want to pray? [yn] (n) You begin praying to Anhur. You are surrounded by a shimmering light. The rothe starts to attack you, but pulls back. The gnome lord starts to attack you, but pulls back. The rothe starts to attack you, but pulls back. The hobbit puts on a pair of plastic hard shoes. The gnome lord starts to attack you, but pulls back. You finish your prayer. You feel that Anhur is well-pleased. A board beneath you squeaks an E flat loudly. In what direction? The spell misses the rothe. The spell hits the hobbit! You kill the hobbit! In what direction? The spell misses the rothe. The rothe hits! The rothe bites! The rothe bites! The rothe hits! You die... Do you want your possessions identified? [ynq] (y) Do you want to see your attributes? [ynq] (y) Do you want an account of creatures vanquished? [ynaq] (y) Do you want to see your conduct and achievements? [ynq] (y) Do you want to see the dungeon overview? [ynq] (y) Major events: Turn 1: UristMcRaven the chaotic female elven Wizard entered the dungeon 819: attained the rank of Conjurer (level 3) 1224: entered the Gnomish Mines 2265: killed by a rothe Inventory: Inventory: 790/700 weight (25/52 slots) Weapons (')') t - a blessed +0 orcish dagger {10} w - 2 blessed +0 darts {2} D - 13 uncursed +0 copper darts {13} E - 11 uncursed +0 bone darts {6} G - 4 cursed -1 daggers {40} Y - 4 uncursed +3 daggers {40} Armor ('[') b - an uncursed +0 cloak of magic resistance (being worn) {8} j - a cursed +0 leather studded armor {200} o - a blessed +0 orcish helm {30} q - an uncursed burnt +0 elven cloak {10} y - an uncursed +0 pair of gauntlets of dexterity {10} Comestibles ('%') k - an uncursed lichen corpse {20} x - 2 cursed slime molds {10} Z - an uncursed food ration {20} Scrolls ('?') a - a blessed scroll of gold detection {5} Spellbooks ('+') c - a blessed spellbook of force bolt (wielded) {35} d - a blessed spellbook of magic missile {40} Wands ('/') m - an uncursed wand of probing (0:4) {7} H - an uncursed wand of digging (0:7) {7} U - a cursed wand of opening (0:5) {7} Tools ('(') g - an uncursed flute {5} h - an uncursed bag of holding containing 25 items {238} B - an uncursed stethoscope {4} W - an uncursed oil lamp {20} Gems/Stones ('*') X - 3 uncursed worthless pieces of black glass {3} Contents of the bag of holding: 57 gold pieces a blessed +1 quarterstaff 3 uncursed food rations a cursed food ration an uncursed tin of spinach 2 uncursed scrolls of blank paper an uncursed scroll of charging an uncursed scroll of create monster an uncursed scroll of genocide an uncursed scroll of light an uncursed spellbook of confuse monster an uncursed spellbook of light an uncursed spellbook of protection a blessed +1 ring of gain strength a cursed potion of extra healing an uncursed potion of object detection an uncursed potion of water an uncursed +0 pick-axe an uncursed tin opener an uncursed dilithium crystal 2 uncursed fluorite stones an uncursed worthless piece of orange glass an uncursed worthless piece of white glass a cursed worthless piece of yellow glass an uncursed worthless piece of yellowish brown glass UristMcRaven the Wizard's attributes: Background: You were a Conjurer, a level 5 female elven Wizard. You were chaotic, on a mission for Anhur who was opposed by Ptah (lawful) and Thoth (neutral). You were heterosexual. You were in the Gnomish Mines, on level 6. You entered the dungeon 2265 turns ago. It was nighttime. You had 303 experience points, 17 more were needed to attain level 6. Basics: You had 0 out of 42 hit points. You had 6 out of 40 energy points (spell power). Your armor class was 9. Your wallet was empty. Autopickup was on for '$"=/!?+' plus thrown, with exceptions. Final Characteristics: Your strength was 10 (limit:18). Your dexterity was 9 (limit:18). Your constitution was 16 (limit:16). Your intelligence was 20 (limit:20). Your wisdom was 10 (limit:20). Your charisma was 11 (limit:18). Final Status: You were not hungry. You were burdened; movement was slightly slowed. You were wielding a spellbook. Final Attributes: You were piously aligned. You were magic-protected. You were sleep resistant. You were telepathic. You had infravision. You were warded. You were harmed by iron. You are dead. Miscellaneous: You disabled loading of bones levels. Total elapsed playing time was 22 minutes and 32 seconds. Vanquished creatures: 2 rock piercers a gnome leader a paper golem 2 floating eyes 3 dwarves a werejackal 2 hobbits 12 manes 18 gnomes a garter snake a gecko 5 jackals a fox 2 goblins 2 grid bugs 2 bats 3 lichens a kobold zombie 2 newts 62 creatures vanquished. No species were genocided or became extinct. Voluntary challenges: You never hit with a wielded weapon. You read items or engraved 2 times. You never genocided any monsters. You never polymorphed an object. You never changed form. You never touched an artifact. You used no wishes. You never owned a pet. You never scared an enemy with impunity. You were celibate. You never generated conflict. Achievements: You entered a shop. You attained the rank of Conjurer. You entered the Gnomish Mines. The Dungeons of Doom: levels 1 to 5 Level 1: A fountain, a grave. Level 2: Level 3: A scroll shop, a fountain, a tree. Level 4: A delicatessen. Stairs down to The Gnomish Mines. Level 5: The Gnomish Mines: levels 5 to 6 Level 5: Level 6: <- You were here. Final resting place for you, killed by a rothe. Game over: __________ / \ / REST \ / IN \ / PEACE \ / \ | UristMcRaven | | 57 Au | | killed by a | | rothe | | | | | | 2022 | *| * * * | * _________)/\\_//(\/(/\)/\//\/|_)_______ Goodbye UristMcRaven the Wizard... You died in The Gnomish Mines on dungeon level 6 with 1524 points, and 57 pieces of gold, after 2265 moves. You were level 5 with a maximum of 42 hit points when you died.